 Dungeon Sprint DCSS version 0.21-a0-26-g7b23a2f (webtiles) character file.

114 poirepourri the Covert (level 4, -29/21 HPs)
             Began as a Spriggan Enchanter on May 25, 2017.
             Was a Believer of Dithmenos.
             Killed from afar by a deep elf mage (43 damage)
             ... with a bolt of lightning
             ... in the Dungeon (Sprint VII: "The Pits").
             The game lasted 00:00:59 (616 turns).

poirepourri the Covert (Spriggan Enchanter)          Turns: 616, Time: 00:01:00

Health: -29/21     AC:  2    Str:  4    XL:     4   Next: 67%
Magic:  8/12       EV: 20    Int: 16    God:    Dithmenos [**....]
Gold:   0          SH:  0    Dex: 17    Spells: 1/13 levels left

rFire    . . .     SeeInvis +   a - +0 dagger (venom)
rCold    . . .     Gourm    .   (shield restricted)
rNeg     . . .     Faith    .   b - +0 robe
rPois    .         Spirit   .   (helmet restricted)
rElec    .         Reflect  .   (no cloak)
rCorr    .         Harm     .   (gloves unavailable)
MR       .....     NoTele   +   (boots unavailable)
Stlth    ++++++....             (no amulet)
Regen    0.1/turn               (no ring)
MPRegen  0.2/turn               (no ring)

@: wreathed by umbra, very quick
A: unfitting armour, see invisible, herbivore 3, speed 3, slow metabolism 2
a: Shadow Step, Renounce Religion


You were in the Dungeon.
You worshipped Dithmenos.
Dithmenos was pleased with you.
You were not hungry.

You visited 1 branch

Inventory:

Hand Weapons
 a - a +0 dagger of venom (weapon)
 p - a +2 dagger
Armour
 b - a +0 robe (worn)
Scrolls
 j - a scroll of blinking
 l - 3 scrolls of remove curse
 m - 5 scrolls of amnesia
 n - a scroll of summoning
Potions
 e - 6 potions of curing
 f - 6 potions of heal wounds
 g - a potion of haste
 h - 4 potions of magic
 i - 3 potions of berserk rage
 k - 2 potions of invisibility
Books
 c - a book of Maledictions

   Spells                             Type                      Level
   a - Corona                         Hexes                        1
   b - Ensorcelled Hibernation        Hexes/Ice                    2
   c - Confuse                        Hexes                        3
   d - Tukima's Dance                 Hexes                        3
   e - Dazzling Spray                 Conjuration/Hexes            3
Comestibles
 d - 8 bread rations
 o - 40 fruits


   Skills:
 + Level 1.8 Short Blades
 + Level 4.8 Dodging
 + Level 9.3 Stealth
 + Level 5.0 Spellcasting
 + Level 8.1 Hexes


You had one spell level left.
You knew the following spells:

 Your Spells              Type           Power        Failure   Level  Hunger
a - Corona                Hex            ####...      1%          1    None
b - Ensorcelled Hibernat  Hex/Ice        ###...       4%          2    #......
c - Confuse               Hex            ####....     1%          3    ###....
d - Tukima's Dance        Hex            ####....     1%          3    ###....
e - Dazzling Spray        Conj/Hex       ###...       9%          3    ###....


Dungeon Overview and Level Annotations

Branches:
Dungeon (1/1)

Altars:
Ashenzari
Cheibriados
Dithmenos
Elyvilon
Fedhas
Gozag
Hepliaklqana
Kikubaaqudgha
Makhleb
Nemelex Xobeh
Okawaru
Qazlal
Ru
Sif Muna
Trog
Uskayaw
Vehumet
Wu Jian
Xom
Yredelemnul
Zin
The Shining One
Beogh
Jiyva
Lugonu


Innate Abilities, Weirdness & Mutations

You are very small and have problems with some larger weapons.
You are too small for most types of armour.
You have supernaturally acute eyesight. (SInv)
You are a herbivore.
You cover ground extremely quickly.
You need consume almost no food.


Message History

Press: ? - help, Shift-Dir - straight line, f - deep elf mage
Aim: a deep elf mage, wielding a long sword (umbra, chance to defeat MR: 30%)
The deep elf mage easily resists.
The orc wizard shouts!
The wolf howls!
The deep elf mage hits you with a long sword!
The orc completely misses you.
A gnoll, an orc and an orc wizard come into view.
The orc is wielding a falchion of slicing.
Casting: Ensorcelled Hibernation
Confirm with . or Enter, or press ? or * to list all spells.
Aiming: Ensorcelled Hibernation
Press: ? - help, Shift-Dir - straight line, f/p - deep elf mage
Aim: a deep elf mage, wielding a long sword (umbra, chance to defeat MR: 30%)
The deep elf mage easily resists.
The gnoll shouts!
The orc hits you but does no damage.
The deep elf mage gestures at you while chanting.
The bolt of lightning hits you!
Ouch! That really hurt!
You die...

#.#..#.÷.'.##.....
#.#..#...#.#####'#
#.#..#####.##.....
#.#..'...#.##.....
#.#.)'†..'.##.....
#.#..########...<.
#.#..'[))).##.....
#.#..#[))..##.....
#@###########.....
#oeh.o..# ######
#g.###S.# #.o.o
##o### g. .## .g
##


You could see a deep elf mage, a gnoll sergeant (wandering), a wolf, 2 orc
wizards, 2 gnolls, an adder (wandering) and 2 orcs.

Vanquished Creatures
  A floating eye (D)
  An ufetubus (D)
  An adder zombie (D)
  An orc (D)
  A hobgoblin (D)
  A quokka (D)
  A frilled lizard (D)
  2 rats (D)
9 creatures vanquished.

Notes
Turn   | Place    | Note
-------+----------+-------------------------------------------
     0 | D        | poirepourri the Spriggan Enchanter began the quest for the Orb.
     0 | D        | Reached XP level 1. HP: 9/9 MP: 5/5
   125 | D        | Found a bloodstained altar of Trog.
   125 | D        | Found a deep blue altar of Sif Muna.
   125 | D        | Found a viscous altar of Jiyva.
   125 | D        | Found a hazy altar of Hepliaklqana.
   125 | D        | Found an opulent altar of Gozag.
   156 | D        | Found a glowing golden altar of the Shining One.
   156 | D        | Found a glowing silver altar of Zin.
   156 | D        | Found a basalt altar of Yredelemnul.
   156 | D        | Found a shimmering altar of Xom.
   156 | D        | Found an ornate altar of the Wu Jian Council.
   156 | D        | Found a sacrificial altar of Ru.
   156 | D        | Found a stormy altar of Qazlal.
   156 | D        | Found an iron altar of Okawaru.
   156 | D        | Found a sparkling altar of Nemelex Xobeh.
   156 | D        | Found a burning altar of Makhleb.
   156 | D        | Found a blossoming altar of Fedhas.
   156 | D        | Found a white marble altar of Elyvilon.
   156 | D        | Found a shadowy altar of Dithmenos.
   156 | D        | Found a snail-covered altar of Cheibriados.
   160 | D        | Found a roughly hewn altar of Beogh.
   160 | D        | Found a corrupted altar of Lugonu.
   160 | D        | Found a radiant altar of Vehumet.
   161 | D        | Found a shattered altar of Ashenzari.
   161 | D        | Found an ancient bone altar of Kikubaaqudgha.
   161 | D        | Found a hide-covered altar of Uskayaw.
   168 | D        | Became a worshipper of Dithmenos the Shadowed
   300 | D        | Noticed a floating eye
   302 | D        | Killed a floating eye
   302 | D        | Reached skill level 8 in Stealth
   302 | D        | Reached XP level 2. HP: 13/13 MP: 5/8
   302 | D        | Reached XP level 3. HP: 16/16 MP: 6/10
   302 | D        | Reached XP level 4. HP: 21/21 MP: 6/11
   350 | D        | Learned a level 2 spell: Ensorcelled Hibernation
   354 | D        | Learned a level 3 spell: Confuse
   358 | D        | Learned a level 3 spell: Tukima's Dance
   362 | D        | Learned a level 3 spell: Dazzling Spray
   410 | D        | Reached * piety under Dithmenos
   410 | D        | Reached skill level 9 in Stealth
   410 | D        | Reached skill level 5 in Spellcasting
   446 | D        | Reached ** piety under Dithmenos
   610 | D        | Noticed a deep elf mage
   615 | D        | Noticed a wolf
   616 | D        | Killed from afar by a deep elf mage

Vault maps used:
D:        pitsprint

Skill      XL: |  1  2  3  4 |
---------------+-------------+-----
Spellcasting   | 4 5 |  5.0
Hexes          | 7 8 |  8.1
Dodging        | 4 |  4.8
Stealth        | 8 9 |  9.3
Short Blades   | |  1.8

Action                   |  1- 3 |  4- 6 || total
-------------------------+-------+-------++-------
Melee: Dagger            |     3 |    17 ||    20
 Cast: Ensorcelled Hiber |       |     6 ||     6
       Confuse           |       |     1 ||     1
 Stab: Sleeping          |     1 |     4 ||     5
       Confused          |       |     1 ||     1
Dodge: Dodged            |     1 |    28 ||    29
